ESL (28 & UNDER)
WILMINGTON REBELS @ PENQUANNOCK OVERRATED JETER
05/26/2029
 
TOP OF THE 1ST
Wilmington Rebels batting - Pitching for Penquannock Overrated Jeter : LHP Héctor Díaz
Pitching: LHP Héctor Díaz
Batting: RHB Henry Haines 0-0: Called Strike
0-1: Swinging Strike
0-2: Foul Ball, location: 2F
0-2: Ball
1-2: Ball
2-2: Ground out 4-3 (Groundball, 4M)
Batting: RHB Marlon Hernández 0-0: Ball
1-0: Swinging Strike
1-1: SINGLE (Line Drive, 6D)
Batting: LHB Marv Gardner 0-0: Ball
Marlon Hernández steals 2nd base
1-0: Ball
2-0: Called Strike
2-1: Ball
3-1: Swinging Strike
3-2: Foul Ball, location: 2F
3-2: Strikes out swinging
Batting: LHB Guillermo Santos 0-0: Called Strike
0-1: Foul Ball, location: 2F
0-2: Strikes out looking
Top of the 1st over - 0 runs, 1 hit, 0 errors, 1 left on base; Wilmington 0 - Penquannock 0
BOTTOM OF THE 1ST
Penquannock Overrated Jeter batting - Pitching for Wilmington Rebels : RHP Mike Gordon
Pitching: RHP Mike Gordon
Batting: RHB Gary Wyatt 0-0: Swinging Strike
0-1: Foul Ball, location: 2F
0-2: Ball
1-2: Foul Ball, location: 2F
1-2: Ball
2-2: Foul Ball, location: 2F
2-2: Ground out 6-3 (Groundball, 6S)
Batting: LHB Roberto Trujillo 0-0: Ball
1-0: Ball
2-0: Ball
3-0: Base on Balls
Batting: LHB Félix Costa 0-0: Ball
1-0: Fly out, F8 (Flyball, 78D)
Batting: SHB Cristián López 0-0: Called Strike
0-1: Called Strike
0-2: Ball
1-2: Ball
2-2: Ball
3-2: Foul Ball, location: 2F
3-2: SINGLE (Groundball, 34D)
Roberto Trujillo to second
Roberto Trujillo to third
Batting: LHB Pete Weber 0-0: Called Strike
0-1: Swinging Strike
0-2: Foul Ball, location: 2F
0-2: Ground out 4-3 (Groundball, 4)
Bottom of the 1st over - 0 runs, 1 hit, 0 errors, 2 left on base; Wilmington 0 - Penquannock 0
TOP OF THE 2ND
Wilmington Rebels batting - Pitching for Penquannock Overrated Jeter : LHP Héctor Díaz
Batting: RHB Mitchell Pate 0-0: Ball
1-0: Ball
2-0: Called Strike
2-1: Called Strike
2-2: Strikes out swinging
Batting: RHB Anastasio Movonda 0-0: Ball
1-0: Foul Ball, location: 2F
1-1: Foul Ball, location: 2F
1-2: Ground out 5-3 (Groundball, 5)
Batting: LHB Juan Vásquez 0-0: Ball
1-0: Ball
2-0: Called Strike
2-1: Ball
3-1: Called Strike
3-2: Foul Ball, location: 2F
3-2: Strikes out looking
Top of the 2nd over - 0 runs, 0 hits, 0 errors, 0 left on base; Wilmington 0 - Penquannock 0
BOTTOM OF THE 2ND
Penquannock Overrated Jeter batting - Pitching for Wilmington Rebels : RHP Mike Gordon
Batting: LHB Eric Powell 0-0: Fly out, F9 (Line Drive, 9)
Batting: LHB Matt Reese 0-0: Ball
1-0: Swinging Strike
1-1: Foul Ball, location: 2F
1-2: Foul Ball, location: 2F
1-2: Ground out 6-3 (Groundball, 56)
Batting: RHB Phil Wright 0-0: Called Strike
0-1: Foul Ball, location: 2F
0-2: Strikes out looking
Bottom of the 2nd over - 0 runs, 0 hits, 0 errors, 0 left on base; Wilmington 0 - Penquannock 0
TOP OF THE 3RD
Wilmington Rebels batting - Pitching for Penquannock Overrated Jeter : LHP Héctor Díaz
Batting: LHB Seth Sullivan 0-0: Called Strike
0-1: Called Strike
0-2: Ball
1-2: Strikes out swinging
Batting: LHB Miguel Medellín 0-0: Ball
1-0: Ball
2-0: Ball
3-0: Swinging Strike
3-1: SOLO HOME RUN (Line Drive, 89XD), Distance : 406 ft
Batting: RHB Henry Haines 0-0: Foul Ball, location: 2F
0-1: Called Strike
0-2: Foul Ball, location: 2F
0-2: Hit by Pitch
Batting: RHB Marlon Hernández 0-0: Called Strike
0-1: Ball
1-1: Foul Ball, location: 2F
1-2: Foul Ball, location: 2F
1-2: Fly out, F4 (Flyball, 34D)
Batting: LHB Marv Gardner 0-0: 2-RUN HOME RUN (Flyball, 9LD), Distance : 342 ft
Batting: LHB Guillermo Santos 0-0: Ball
1-0: Ball
2-0: Foul Ball, location: 2F
2-1: Hit by Pitch
Batting: RHB Mitchell Pate 0-0: Ball
1-0: Ball
2-0: Ball
Balk!
Guillermo Santos to second
3-0: Called Strike
3-1: SINGLE (Flyball, 7)
Guillermo Santos to third
Runner from 3rd tries for Home, SAFE, throw made home
Batting: RHB Anastasio Movonda 0-0: Ball
1-0: Ball
2-0: Called Strike
2-1: Foul Ball, location: 2F
2-2: Strikes out swinging
Top of the 3rd over - 4 runs, 3 hits, 0 errors, 1 left on base; Wilmington 4 - Penquannock 0
BOTTOM OF THE 3RD
Penquannock Overrated Jeter batting - Pitching for Wilmington Rebels : RHP Mike Gordon
Batting: RHB Bernardo Enríquez 0-0: Swinging Strike
0-1: Ball
1-1: Foul Ball, location: 2F
1-2: Ball
2-2: Ball
3-2: TRIPLE (Flyball, 7LD)
Batting: RHB Gary Wyatt 0-0: Ball
1-0: Foul Ball, location: 2F
1-1: Called Strike
1-2: SINGLE (Line Drive, 6MD)
Bernardo Enríquez scores
Batting: LHB Roberto Trujillo 0-0: Ball
1-0: Called Strike
1-1: Ball
2-1: Called Strike
2-2: DOUBLE (Line Drive, 5D)
Gary Wyatt to third
Batting: LHB Félix Costa 0-0: Ball
1-0: Ball
2-0: Ball
3-0: Called Strike
3-1: Base on Balls
Batting: SHB Cristián López 0-0: DOUBLE (Line Drive, 9LM)
Gary Wyatt scores
Roberto Trujillo scores
Félix Costa to third
Runner from 3rd tries for Home, SAFE, no throw
Batting: LHB Pete Weber 0-0: 2-RUN HOME RUN (Flyball, 9D), Distance : 384 ft
Pitching: RHP Leonardo De La Garza
Batting: LHB Eric Powell 0-0: Ball
1-0: Ball
2-0: Called Strike
2-1: Ball
3-1: Called Strike
3-2: Ground out 3-1 (Groundball, 34)
Batting: LHB Matt Reese 0-0: Fly out, F7 (Flyball, 7D)
Batting: RHB Phil Wright 0-0: Foul Ball, location: 2F
0-1: Ball
1-1: Foul Ball, location: 2F
1-2: Ball
2-2: Ball
3-2: Fly out, F7 (Flyball, 7)
Bottom of the 3rd over - 6 runs, 5 hits, 0 errors, 0 left on base; Wilmington 4 - Penquannock 6
TOP OF THE 4TH
Wilmington Rebels batting - Pitching for Penquannock Overrated Jeter : LHP Héctor Díaz
Batting: LHB Juan Vásquez 0-0: Foul Ball, location: 2F
0-1: Called Strike
0-2: Strikes out swinging
Batting: LHB Seth Sullivan 0-0: Ground out 4-3 (Groundball, 4)
Batting: LHB Miguel Medellín 0-0: Foul Ball, location: 2F
0-1: Ball
1-1: Ball
2-1: Swinging Strike
2-2: Foul Ball, location: 2F
2-2: Strikes out swinging
Top of the 4th over - 0 runs, 0 hits, 0 errors, 0 left on base; Wilmington 4 - Penquannock 6
BOTTOM OF THE 4TH
Penquannock Overrated Jeter batting - Pitching for Wilmington Rebels : RHP Leonardo De La Garza
Batting: RHB Bernardo Enríquez 0-0: Ball
1-0: Foul Ball, location: 2F
1-1: Called Strike
1-2: Foul Ball, location: 2F
1-2: Foul Ball, location: 2F
1-2: Foul Ball, location: 2F
1-2: Foul Ball, location: 2F
1-2: Foul Ball, location: 2F
1-2: Ball
2-2: Strikes out looking
Batting: RHB Gary Wyatt 0-0: Fly out, F3 (Popup, 3DF)
Batting: LHB Roberto Trujillo 0-0: Called Strike
0-1: Ball
1-1: Fly out, F8 (Flyball, 78XD)
Bottom of the 4th over - 0 runs, 0 hits, 0 errors, 0 left on base; Wilmington 4 - Penquannock 6
TOP OF THE 5TH
Wilmington Rebels batting - Pitching for Penquannock Overrated Jeter : LHP Héctor Díaz
Batting: RHB Henry Haines 0-0: Ball
1-0: Called Strike
1-1: Ball
2-1: Ball
3-1: Foul Ball, location: 2F
3-2: Foul Ball, location: 2F
3-2: Strikes out swinging
Batting: RHB Marlon Hernández 0-0: SINGLE (Groundball, 56D)
Pitching: RHP Leonard Christensen
Batting: LHB Marv Gardner 0-0: Ball
Marlon Hernández steals 2nd base
1-0: Foul Ball, location: 2F
1-1: Swinging Strike
1-2: Ball
2-2: Strikes out looking
Batting: LHB Guillermo Santos 0-0: Ball
1-0: Ball
2-0: Ball
3-0: Base on Balls
Batting: RHB Mitchell Pate 0-0: Called Strike
0-1: Called Strike
0-2: Ground out 1-3 (Groundball, P)
Top of the 5th over - 0 runs, 1 hit, 0 errors, 2 left on base; Wilmington 4 - Penquannock 6
BOTTOM OF THE 5TH
Penquannock Overrated Jeter batting - Pitching for Wilmington Rebels : RHP Leonardo De La Garza
Batting: LHB Félix Costa 0-0: Foul Ball, location: 2F
0-1: Ball
1-1: Ball
2-1: Swinging Strike
2-2: Foul Ball, location: 2F
2-2: Strikes out swinging
Batting: SHB Cristián López 0-0: Ball
1-0: Foul Ball, location: 2F
1-1: Ball
2-1: Ground out 5-3 (Groundball, 56)
Batting: LHB Pete Weber 0-0: Ball
1-0: SOLO HOME RUN (Flyball, 9D), Distance : 359 ft
Batting: LHB Eric Powell 0-0: Ball
1-0: Called Strike
1-1: Ground out 3-1 (Groundball, 34)
Bottom of the 5th over - 1 run, 1 hit, 0 errors, 0 left on base; Wilmington 4 - Penquannock 7
TOP OF THE 6TH
Wilmington Rebels batting - Pitching for Penquannock Overrated Jeter : RHP Leonard Christensen
Batting: RHB Anastasio Movonda 0-0: Ball
1-0: Foul Ball, location: 2F
1-1: Called Strike
1-2: Ball
2-2: SINGLE (Line Drive, 56D)
Batting: LHB Juan Vásquez 0-0: Ball
1-0: Swinging Strike
1-1: Foul Ball, location: 2F
1-2: Strikes out swinging
Batting: LHB Seth Sullivan 0-0: Ball
1-0: Ball
2-0: Foul Ball, location: 2F
2-1: Ball
3-1: Foul Ball, location: 2F
3-2: Ground out 4-3 (Groundball, 34D)
Anastasio Movonda to second
Batting: LHB Miguel Medellín 0-0: Called Strike
0-1: Ball
1-1: Ball
2-1: Ball
3-1: Swinging Strike
3-2: Strikes out swinging
Top of the 6th over - 0 runs, 1 hit, 0 errors, 1 left on base; Wilmington 4 - Penquannock 7
BOTTOM OF THE 6TH
Penquannock Overrated Jeter batting - Pitching for Wilmington Rebels : RHP Leonardo De La Garza
Batting: LHB Matt Reese 0-0: Called Strike
0-1: Ball
1-1: Fly out, F8 (Flyball, 8LM)
Batting: RHB Phil Wright 0-0: Foul Ball, location: 2F
0-1: Ball
1-1: Fly out, F9 (Flyball, 89M)
Batting: RHB Bernardo Enríquez 0-0: Ball
1-0: Ball
2-0: Foul Ball, location: 2F
2-1: Ball
3-1: Base on Balls
Batting: RHB Gary Wyatt Balk!
Bernardo Enríquez to second
0-0: Called Strike
0-1: Ball
1-1: Ball
2-1: Fly out, F9 (Flyball, 9)
Bottom of the 6th over - 0 runs, 0 hits, 0 errors, 1 left on base; Wilmington 4 - Penquannock 7
TOP OF THE 7TH
Wilmington Rebels batting - Pitching for Penquannock Overrated Jeter : RHP Leonard Christensen
Batting: RHB Henry Haines 0-0: Ball
1-0: Ball
2-0: Called Strike
2-1: Foul Ball, location: 2F
2-2: SINGLE (Line Drive, 56)
Batting: RHB Marlon Hernández 0-0: Foul Ball, location: 2F
0-1: Fly out, F7 (Flyball, 78M)
Batting: LHB Marv Gardner 0-0: Ball
1-0: Ball
2-0: Ball
3-0: Base on Balls
Henry Haines to second
Batting: LHB Guillermo Santos 0-0: Called Strike
0-1: Foul Ball, location: 2F
0-2: Ball
1-2: SINGLE (Groundball, 4D)
Henry Haines to third
Marv Gardner to second
Batting: RHB Mitchell Pate 0-0: Fly out, F8 (Flyball, 8RD)
Runner from 3rd tags up, SCORES, throw made
Pinch Runner at 2nd Marv Alexander:
Batting: RHB Anastasio Movonda 0-0: Swinging Strike
0-1: Ball
1-1: Ball
2-1: Foul Ball, location: 2F
2-2: Ball
3-2: Foul Ball, location: 2F
3-2: Foul Ball, location: 2F
3-2: Base on Balls
Marv Alexander to third
Guillermo Santos to second
Batting: LHB Juan Vásquez 0-0: Ball
1-0: Swinging Strike
1-1: Ball
2-1: Ground out 1-3 (Groundball, 15S)
Top of the 7th over - 1 run, 2 hits, 0 errors, 3 left on base; Wilmington 5 - Penquannock 7
BOTTOM OF THE 7TH
Penquannock Overrated Jeter batting - Pitching for Wilmington Rebels : RHP Leonardo De La Garza
Pitching: LHP Alan Baca
Now at 1B: Marv Alexander
Batting: LHB Roberto Trujillo 0-0: Ball
1-0: Swinging Strike
1-1: Ball
2-1: Swinging Strike
2-2: Ball
3-2: Foul Ball, location: 2F
3-2: Base on Balls
Batting: LHB Félix Costa 0-0: Called Strike
0-1: Ball
1-1: Ball
2-1: Ground out 5-3 (Groundball, 56S)
Roberto Trujillo to second
Batting: SHB Cristián López 0-0: Intentional Walk
Batting: LHB Pete Weber 0-0: Ball
1-0: Called Strike
1-1: Called Strike
1-2: Strikes out swinging
Batting: LHB Eric Powell 0-0: Swinging Strike
0-1: SINGLE (Flyball, 8RS)
Roberto Trujillo to third
Cristián López to second
Runner from 3rd tries for Home, SAFE, no throw
Batting: LHB Matt Reese 0-0: Called Strike
0-1: Ball
1-1: Ball
2-1: Swinging Strike
2-2: Ball
3-2: Strikes out swinging
Bottom of the 7th over - 1 run, 1 hit, 0 errors, 2 left on base; Wilmington 5 - Penquannock 8
TOP OF THE 8TH
Wilmington Rebels batting - Pitching for Penquannock Overrated Jeter : RHP Leonard Christensen
Batting: LHB Seth Sullivan 0-0: Swinging Strike
0-1: Swinging Strike
0-2: DOUBLE (Line Drive, 89D)
Batting: LHB Miguel Medellín 0-0: Ball
1-0: Ball
2-0: Fly out, F8 (Line Drive, 78D)
Batting: RHB Henry Haines 0-0: Ball
1-0: Foul Ball, location: 2F
1-1: Ground out 6-3 (Groundball, 6)
Batting: RHB Marlon Hernández 0-0: Ball
1-0: Ball
2-0: Fly out, F9 (Flyball, 89D)
Top of the 8th over - 0 runs, 1 hit, 0 errors, 1 left on base; Wilmington 5 - Penquannock 8
BOTTOM OF THE 8TH
Penquannock Overrated Jeter batting - Pitching for Wilmington Rebels : LHP Alan Baca
Pitching: LHP Héctor López
Batting: RHB Phil Wright 0-0: Foul Ball, location: 2F
0-1: Called Strike
0-2: Ball
1-2: Fly out, F8 (Flyball, 8RM)
Batting: RHB Bernardo Enríquez 0-0: Ball
1-0: Fly out, F9 (Line Drive, 89M)
Batting: RHB Gary Wyatt 0-0: Ball
1-0: Foul Ball, location: 2F
1-1: Foul Ball, location: 2F
1-2: Ball
2-2: Strikes out swinging
Bottom of the 8th over - 0 runs, 0 hits, 0 errors, 0 left on base; Wilmington 5 - Penquannock 8
TOP OF THE 9TH
Wilmington Rebels batting - Pitching for Penquannock Overrated Jeter : RHP Leonard Christensen
Batting: LHB Marv Alexander 0-0: Ground out 5-3 (Groundball, 56)
Batting: LHB Guillermo Santos 0-0: Ball
1-0: Ball
2-0: Foul Ball, location: 2F
2-1: Swinging Strike
2-2: Ball
3-2: SINGLE (Flyball, 7S)
Pitching: RHP César Villanueva
Batting: RHB Mitchell Pate 0-0: Ball
1-0: Ball
2-0: Ball
3-0: Called Strike
3-1: Base on Balls
Guillermo Santos to second
Batting: RHB Anastasio Movonda 0-0: Called Strike
0-1: Foul Ball, location: 2F
0-2: Ball
1-2: Hit by Pitch
Guillermo Santos to third
Mitchell Pate to second
Batting: LHB Juan Vásquez 0-0: Foul Ball, location: 2F
0-1: GRAND SLAM HOME RUN (Flyball, 7LD), Distance : 355 ft
Batting: LHB Seth Sullivan 0-0: Ball
1-0: Ball
2-0: Foul Ball, location: 2F
2-1: Ball
3-1: Ground out 4-3 (Groundball, 34D)
Batting: LHB Miguel Medellín 0-0: Ball
1-0: Ball
2-0: Foul Ball, location: 2F
2-1: Ball
3-1: SINGLE (Groundball, 6D)
Batting: RHB Henry Haines 0-0: Called Strike
Miguel Medellín steals 2nd base
0-1: Foul Ball, location: 2F
0-2: Ball
1-2: Strikes out swinging
Top of the 9th over - 4 runs, 3 hits, 0 errors, 1 left on base; Wilmington 9 - Penquannock 8
BOTTOM OF THE 9TH
Penquannock Overrated Jeter batting - Pitching for Wilmington Rebels : LHP Héctor López
Pitching: RHP Fernando Fuentes
Now at 1B: Ernesto Gómez
Now in LF: Eugene Allen
Batting: LHB Roberto Trujillo 0-0: Ground out 6-3 (Groundball, 6S)
Batting: LHB Félix Costa 0-0: Ball
1-0: Ball
2-0: Ball
3-0: Base on Balls
Batting: SHB Cristián López 0-0: Ball
1-0: Foul Ball, location: 2F
1-1: Fly out, F8 (Flyball, 8RD)
Batting: LHB Pete Weber 0-0: Ball
1-0: Called Strike
1-1: Called Strike
1-2: Ball
2-2: Ball
3-2: Ground out 5-3 (Groundball, 56)
Bottom of the 9th over - 0 runs, 0 hits, 0 errors, 1 left on base; Wilmington 9 - Penquannock 8
Saturday, December 16th, 2017 - OOTP Baseball 18.8 Build 76